 Dungeon Crawl Stone Soup version 0.27-a0-931-g5a74e75d8f (webtiles) character file.

Game seed: 15576244107668927870

4218 Lanoc the Destroyer (level 10, -5/72 HPs)
             Began as an Octopode Hunter on Apr 10, 2021.
             Was an Elder of Vehumet.
             Slain by a killer bee (6 damage)
             ... on level 8 of the Dungeon.
             The game lasted 00:19:45 (13508 turns).

Lanoc the Destroyer (Octopode Hunter)              Turns: 13508, Time: 00:19:46

Health: -5/72      AC:  8    Str: 11    XL:     10   Next: 30%
Magic:  3/10       EV: 17    Int: 15    God:    Vehumet [****..]
Gold:   678        SH:  0    Dex: 15    Spells: 4/9 levels left

rFire    . . .     SeeInvis .   b - +4 quarterstaff of the Valley of Death {protect, rC+}
rCold    + . .     Faith    .   (shield currently unavailable)
rNeg     . . .     Spirit   .   (helmet restricted)
rPois    .         Reflect  .   u - amulet of the acrobat
rElec    .         Harm     .   l - ring of willpower
rCorr    +         Rampage  .   j - ring of resist corrosion
Will     +....                  (no ring)
Stlth    +++.......             (no ring)
HPRegen  0.22/turn              (no ring)
MPRegen  0.12/turn              (no ring)
                                (no ring)
                                (no ring)

@: lethally poisoned (-5 -> -21), under a protective aura, hasted, very quick
A: almost no armour, amphibious, 8 rings, camouflage 1, gelatinous body 1,
(nimble swimmer 1), tentacles
a: Renounce Religion


You were on level 8 of the Dungeon.
You worshipped Vehumet.
Vehumet was greatly pleased with you.
You visited 2 branches of the dungeon, and saw 9 of its levels.
You also visited: Sewer.

You collected 678 gold pieces.

Inventory:

Hand Weapons
 a - a +1 shortbow
 b - the +4 quarterstaff of the Valley of Death (weapon) {protect, rC+}
   (You found it on level 6 of the Dungeon)

   It grants its wielder temporary protection when it strikes (+7 to AC).
   It protects you from cold.
Missiles
 c - 177 arrows
 f - a throwing net (quivered)
Jewellery
 j - a ring of resist corrosion (right tentacle)
 l - a ring of willpower (left tentacle)
 u - an amulet of the acrobat (around mantle)
Wands
 v - a wand of iceblast (14)
Scrolls
 d - a scroll of enchant armour {unknown}
 i - 2 scrolls of vulnerability {unknown}
 k - 5 scrolls of teleportation
 m - a scroll of silence {unknown}
 o - 2 scrolls of torment
 p - a scroll of enchant weapon
 s - 2 scrolls of fear
 w - a scroll of summoning
Potions
 g - a potion of flight
 n - a potion of invisibility
 q - 2 potions of haste
 r - a potion of cancellation


   Skills:
 + Level 7.9 Fighting
 - Level 5.2 Bows
 + Level 7.9 Dodging
 - Level 1.3 Stealth
 * Level 9.2 Conjurations


You had 4 spell levels left.
You knew the following spells:

 Your Spells              Type           Power      Damage    Failure   Level
a - Freeze                Ice            0%         1d3       7%          1
b - Mephitic Cloud        Conj/Pois/Air  9%         N/A       6%          3
h - Foxfire               Conj/Fire      52%        2x1d6     1%          1

Your spell library contained the following spells:

 Spells                   Type           Power      Damage    Failure   Level
 Conjure Flame            Conj/Fire      13%        6-21      3%          3
 Dazzling Flash           Conj/Hex       26%        N/A       3%          3
 Ignite Poison            Fire/Tmut/Pois 0%         N/A       21%         3
 Corona                   Hex            0%         N/A       26%         1
 Sting                    Tmut/Pois      0%         1d3       26%         1
 Ensorcelled Hibernation  Hex/Ice        0%         N/A       38%         2
 Poisonous Vapours        Pois/Air       0%         N/A       38%         2
 Olgreb's Toxic Radiance  Pois           0%         N/A       54%         4
 Confusing Touch          Hex            0%         N/A       63%         3
 Tukima's Dance           Hex            0%         N/A       63%         3


Dungeon Overview and Level Annotations

Branches:
Dungeon (8/15)             Temple (1/1) D:5           Sewer (visited)
   Lair: D:8-11

Altars:
Fedhas
Hepliaklqana
Makhleb
Okawaru
Uskayaw
Vehumet
Wu Jian
The Shining One

Annotations:
D:7 3 runed translucent doors


Innate Abilities, Weirdness & Mutations

You cannot wear most types of armour.
You are amphibious.
You can wear up to eight rings at the same time.
Your skin changes colour to match your surroundings (Stealth+).
Your rubbery body absorbs attacks. (AC +1, EV +1)
((You are camouflaged near water. (Stealth+)))
You have tentacles for arms and can constrict up to eight enemies at once.


Message History

Casting: Foxfire (safe; 1% risk of failure)
Confirm with . or Enter, or press ? or * to list all spells.
You conjure some foxfire!
* * * LOW HITPOINT WARNING * * *
You feel very sick.
The foxfire hits the killer bee but does no damage.
The killer bee is moderately wounded.
The foxfire hits the killer bee.
The killer bee is severely wounded.
The killer bee misses you. x2; The killer bee completely misses you.
The killer bee barely misses you.
You feel much better.
You feel very sick.
The foxfire hits the killer bee.
The killer bee is heavily wounded.
The foxfire hits the killer bee.
The killer bee is almost dead.
The killer bee stings you.
You are more poisoned.
The killer bee poisons you! The killer bee misses you.
The killer bee closely misses you. The killer bee barely misses you.
You feel yourself speed up.
You feel very sick. The killer bee stings you!
* * * LOW HITPOINT WARNING * * *
The killer bee misses you. The killer bee stings you.
* * * LOW HITPOINT WARNING * * *
You are more poisoned.
The killer bee poisons you! The killer bee barely misses you.
* * * LOW HITPOINT WARNING * * *
You feel very sick.
The killer bee completely misses you. x2
You thump the killer bee!
Your weapon exudes an aura of protection.
Your grab misses the killer bee. Your squeeze misses the killer bee.
The killer bee is almost dead.
* * * LOW HITPOINT WARNING * * *
You feel very sick. The killer bee closely misses you.
The killer bee stings you.
You die...

#.....#.......†Y.....#..
#.....#........#.....#..
#.....#........#.y...#..
#.....#........#.....Y..
#.....#........#.....#..
#.....#..Y.....#.....#..
##########.....##Y###..##.....###
........###'##..y..##########..
........#....#..@y)#....#...#...
........#....#....)#....#...#....
........#....#.....#....#...#....
........#....#.....#....#...#....
........#....#.....'....'...'....
..........#..#.....###.######....
###########..##......#.###.......
#....#......#...'.......
#....#......#...#...)<).


You could see 2 yaks and 2 killer bees.

Vanquished Creatures
  Harold (D:7)
  Prince Ribbit (D:7)
  A wraith (D:7)
  Edmund (D:6)
  A water moccasin (D:7)
  Duvessa (D:7)
  A hornet zombie (D:7)
  2 ice beasts (D:7)
  A sky beast (D:6)
  An orc warrior (D:6)
  A necrophage (D:4)
  4 centaurs
  2 phantoms
  A bullfrog (D:5)
  A gnoll sergeant (D:8)
  Dowan (D:7)
  3 killer bees (D:8)
  7 wights
  4 howler monkeys
  A centaur zombie (D:5)
  5 jellies
  3 orc priests
  5 hounds
  A scorpion zombie (D:5)
  A bullfrog skeleton (D:7)
  3 iguanas
  9 orc wizards
  A hound skeleton (D:4)
  9 gnolls
  13 adders
  2 howler monkey skeletons
  3 river rats (Sewer)
  An adder zombie (D:4)
  A worm (D:2)
  2 dart slugs
  22 orcs
  16 ball pythons
  A bat (D:1)
  5 endoplasms
  2 giant cockroaches
  9 goblins
  5 hobgoblins
  5 jackals
  2 quokkas
  9 frilled lizards
  3 kobolds
  4 rats
  A foxfire (D:7)
179 creatures vanquished.

Vanquished Creatures (others)
  290 foxfires
290 creatures vanquished.

Grand Total: 469 creatures vanquished

Notes
Turn   | Place    | Note
-------+----------+-------------------------------------------
     0 | D:1      | Lanoc the Octopode Hunter began the quest for the Orb.
     0 | D:1      | Reached XP level 1. HP: 14/14 MP: 1/1
   118 | D:1      | Reached XP level 2. HP: 17/19 MP: 2/2
  1128 | D:2      | Reached XP level 3. HP: 9/25 MP: 3/3
  1715 | D:2      | Reached XP level 4. HP: 30/30 MP: 4/4
  2210 | D:2      | Reached skill level 5 in Bows
  2404 | D:2      | Reached XP level 5. HP: 5/36 MP: 5/5
  2899 | D:3      | Found a faded altar of an unknown god.
  2903 | D:3      | Became a worshipper of Vehumet
  2903 | D:3      | Reached * piety under Vehumet
  2903 | D:3      | Offered knowledge of Freeze by Vehumet.
  2906 | D:3      | Learned a level 1 spell: Freeze
  3780 | D:3      | Found a blossoming altar of Fedhas.
  3780 | D:3      | Found a hazy altar of Hepliaklqana.
  3788 | D:3      | Found a burning altar of Makhleb.
  3790 | D:3      | Found a faded altar of an unknown god.
  3792 | D:3      | Found a faded altar of an unknown god.
  4200 | D:4      | Reached XP level 6. HP: 30/43 MP: 6/6
  4200 | D:4      | Found a glowing drain.
  4210 | Sewer    | Entered a sewer
  5035 | D:4      | Noticed a necrophage
  5049 | D:4      | Killed a necrophage
  5148 | D:4      | Offered knowledge of Foxfire by Vehumet.
  5151 | D:4      | Learned a level 1 spell: Foxfire
  5403 | D:4      | Reached ** piety under Vehumet
  5404 | D:4      | Reached skill level 1 in Conjurations
  5404 | D:4      | Reached XP level 7. HP: 10/49 MP: 4/7
  5934 | D:4      | Reached skill level 2 in Conjurations
  6155 | D:4      | Identified the +0 robe of Yttoxis {Int+3}
  6297 | D:5      | Entered Level 5 of the Dungeon
  6746 | D:5      | Reached skill level 5 in Fighting
  6746 | D:5      | Reached skill level 5 in Dodging
  6746 | D:5      | Reached skill level 3 in Conjurations
  7005 | D:5      | Found a staircase to the Ecumenical Temple.
  7021 | Temple   | Entered the Ecumenical Temple
  7084 | D:5      | Offered knowledge of Inner Flame by Vehumet.
  7348 | D:5      | Found an iron altar of Okawaru.
  7411 | D:5      | Reached XP level 8. HP: 48/55 MP: 8/8
  7604 | D:6      | Reached skill level 4 in Conjurations
  7776 | D:6      | Reached *** piety under Vehumet
  8405 | D:6      | Reached skill level 5 in Conjurations
  8518 | D:6      | Identified the +4 quarterstaff of the Valley of Death
                  | {protect, rC+}
  8615 | D:6      | Found a glowing golden altar of the Shining One.
  8959 | D:6      | Noticed Edmund
  8986 | D:6      | Killed Edmund
  9352 | D:6      | Reached skill level 6 in Conjurations
  9360 | D:6      | Offered knowledge of Conjure Flame by Vehumet.
  9362 | D:6      | Reached XP level 9. HP: 16/62 MP: 9/9
  9429 | D:6      | HP: 1/62 [centaur/+0 flail (8)]
  9912 | D:6      | Found an ornate altar of the Wu Jian Council.
 10235 | D:7      | Noticed Harold
 10256 | D:7      | Learned a level 3 spell: Mephitic Cloud
 10322 | D:7      | Identified the +2 robe "Fosec" {rF+ Dex+5}
 10346 | D:7      | Killed Harold
 10347 | D:7      | Reached skill level 7 in Conjurations
 10964 | D:7      | Noticed Prince Ribbit
 10974 | D:7      | Killed Prince Ribbit
 10975 | D:7      | Reached skill level 8 in Conjurations
 11175 | D:7      | Noticed Dowan
 11176 | D:7      | Noticed Duvessa
 11180 | D:7      | Killed Duvessa
 11192 | D:7      | Killed Dowan
 11461 | D:7      | Reached XP level 10. HP: 50/71 MP: 10/10
 11681 | D:7      | Found a runed translucent door.
 11681 | D:7      | Found a runed translucent door.
 11681 | D:7      | Found a runed translucent door.
 11681 | D:7      | Noticed a kobold demonologist
 11681 | D:7      | Noticed a boulder beetle
 11841 | D:7      | Found a hide-covered altar of Uskayaw.
 12675 | D:7      | Reached skill level 9 in Conjurations
 13347 | D:8      | Reached **** piety under Vehumet
 13508 | D:8      | HP: 1/72 [poisoned by a killer bee]
 13508 | D:8      | Slain by a killer bee

Illustrated notes

Levels and vault maps discovered:
D:1:      lightli_arrival_quake, layout_basic, minmay_door_square
D:2:      layout_rooms, minmay_snake_closets
D:3:      layout_basic, chequers_temple_overflow_minitemple,
          shapermc_ecumenical_altar_venn, chequers_serial_rivers_small_a
D:4:      minmay_polygon_palace, layout_loops_corners, portal_sewer_entry_d,
          grunt_decor_resistance
D:5:      layout_cave_pools, okawaru_altar_gauntlet_db,
          minmay_temple_entry_trees, minivault_25
D:6:      minmay_general_purpose_star, layout_cave_pools, kennysheep_little_box,
          tso_metal_star, uniq_edmund
D:7:      minmay_the_grid_triangle_9x9_rhombus_full
          [minmay_the_grid_triangle_9x9_odd_lines,
          minmay_the_grid_triangle_9x9_minimal,
          minmay_the_grid_triangle_9x9_from_above,
          minmay_the_grid_triangle_9x9_fully_insulated_deathbox,
          minmay_the_grid_triangle_9x9_steps,
          minmay_the_grid_triangle_9x9_wacky_v,
          minmay_the_grid_triangle_9x9_thin_v,
          minmay_the_grid_triangle_9x9_prize_schism], layout_basic,
          lemuel_round_altar, uniq_prince_ribbit1, uniq_harold, uniq_duvessa
D:8:      layout_gridville, serial_shops, nicolae_shop_waterfront
Temple:   regret_index_temple_generic_petals

Skill      XL: |  1  2  3  4  5  6  7  8  9 10 |
---------------+-------------------------------+-----
Bows           | 5 |  5.2
Dodging        | 3 4 5 6 7 |  7.9
Fighting       | 3 4 5 6 7 |  7.9
Conjurations   | 1 3 6 8 9 |  9.2
Stealth        | |  1.3

Action                   |  1- 3 |  4- 6 |  7- 9 | 10-12 || total
-------------------------+-------+-------+-------+-------++-------
Melee: Short sword       |    48 |    54 |     3 |       ||   105
       Constrict         |    12 |    10 |    16 |    14 ||    52
       Tentacles         |     8 |    11 |    19 |    21 ||    59
       Quarterstaff      |       |       |    79 |    65 ||   144
       Dagger            |       |       |    12 |       ||    12
 Fire: Shortbow          |    14 |   109 |   236 |       ||   359
Throw: Throwing net      |       |       |     1 |       ||     1
 Cast: Freeze            |       |    20 |     1 |       ||    21
       Foxfire           |       |    12 |    77 |    71 ||   160
       Mephitic Cloud    |       |       |     1 |     2 ||     3
  Use: Potion            |       |       |    15 |     5 ||    20
       Scroll            |       |       |     5 |     5 ||    10
 Stab: Sleeping          |     4 |     6 |     2 |       ||    12
       Confused          |       |       |     1 |       ||     1
Armor: Skin              |     6 |     3 |    39 |    19 ||    67
Dodge: Dodged            |    41 |   105 |   169 |   165 ||   480

Table legend: (Time is in decaauts)
 A = Elapsed time spent in this place.
 B = Non-inter-level travel time spent in this place.
 C = Inter-level travel time spent in this place.
 D = Time resting spent in this place.
 E = Time spent auto-exploring this place.
 F = Levels seen in this place.
 G = Mean time per level.
                   A        B        C        D        E       F      G
               +--------+--------+--------+--------+--------+-----+--------+
         Total |  13565 |  13118 |    447 |   1236 |  10185 |  10 | 1356.5 |
       Dungeon |  12904 |  12457 |    447 |   1236 |   9644 |   8 | 1613.0 |
        Temple |      1 |      1 |      0 |      0 |      0 |   1 |    1.0 |
         Sewer |    658 |    658 |      0 |      0 |    541 |   1 |  658.0 |
               +--------+--------+--------+--------+--------+-----+--------+

Top non-repeatable levels by time:
     D:7: 2902 daAuts
     D:6: 2415 daAuts
     D:2: 1831 daAuts
     D:4: 1802 daAuts
     D:5: 1336 daAuts
     D:3: 1022 daAuts
     D:1: 995 daAuts
   Sewer: 658 daAuts
     D:8: 599 daAuts
  Temple: 1 daAuts
